Map: [ESL] Moondance

Players

HeroMarine

  • Race: Terran Terran
  • Spawn Location: 6:00

Lambo - Winner!

  • Race: Zerg Zerg
  • Spawn Location: 12:00

Event: DreamHack SC2 Masters 2022 Valencia

VOD

Have the link to the VOD?

Description

Time

  • Played on: July 1, 2022, 1:56 p.m.
  • Length: 12:51

All games in this series

Show
View Real Time Build Order
Export as new Build Order

HeroMarine Terran 

Build Orders: Reaper Expand 

Get SALT Encoding   

  12  0:00  SCV  
  13  0:12  SCV  
  14  0:17  Supply Depot  
  14  0:24  SCV  
  15  0:38  SCV  
  15  0:41  Barracks  
  16  0:43  Refinery  
  16  0:51  SCV  
  17  1:03  SCV  
  18  1:15  SCV  
  19  1:28  Orbital Command, Reaper  
  20  1:39  Command Center  
  20  1:47  Supply Depot  
  20  1:53  SCV  
  21  2:00  Marine  
  22  2:05  SCV  
  23  2:10  Factory  
  23  2:18  SCV  
  23  2:21  Barracks Reactor  
  24  2:30  SCV  
  25  2:39  Command Center  
  25  2:42  SCV  
  26  2:52  Orbital Command  
  26  2:54  SCV  
  27  3:01  Barracks  
  27  3:06  Barracks Tech Lab, SCV  
  27  3:10  Hellion  
  32  3:13  Hellion  
  32  3:18  SCV x2  
  34  3:25  Marine, Stimpack  
  35  3:30  SCV x2  
  35  3:31  Refinery  
  41  3:42  SCV, Marine  
  41  3:43  SCV  
  40  3:51  Starport  
  40  3:52  Orbital Command  
  40  3:54  SCV  
  40  3:55  Marine x2  
  42  3:59  SCV  
  42  4:00  Marine, Factory Reactor  
  45  4:06  SCV, Supply Depot  
  46  4:11  SCV  
  46  4:13  Marine x2  
  49  4:17  SCV  
  49  4:18  SCV, Marine  
  49  4:24  SCV  
  53  4:26  Supply Depot  
  53  4:29  SCV  
  53  4:30  SCV, Supply Depot  
  53  4:31  Marine x2  
  57  4:34  Refinery  
  57  4:35  Refinery  
  57  4:36  SCV  
  57  4:38  Marine  
  58  4:41  SCV  
  58  4:43  Medivac x2  
  63  4:47  Factory Tech Lab, SCV  
  63  4:48  Bunker, SCV, Marine  
  63  4:49  Marine  
  67  4:53  SCV  
  67  4:55  Supply Depot  
  67  4:56  Marine  
  67  4:59  SCV  
  70  5:00  SCV  
  70  5:01  Orbital Command  
  70  5:06  Marine x2  
  73  5:08  Supply Depot  
  73  5:12  SCV x2, Combat Shield  
  73  5:14  Engineering Bay x2, Marine  
  76  5:24  SCV x2, Marine  
  76  5:25  Siege Tank  
  82  5:30  SCV  
  82  5:32  Barracks  
  82  5:33  Starport Reactor, Marine  
  84  5:36  SCV x2, Marine  
  84  5:41  Terran Infantry Weapons Level 1  
  84  5:42  Terran Infantry Armor Level 1, Marine  
  88  5:49  SCV x2  
  89  5:50  SCV  
  89  5:51  Marine  
  89  5:53  Marine  
  89  6:00  Marine  
  89  6:01  SCV x2  
  89  6:02  Barracks, SCV  
  89  6:04  Barracks  
  93  6:05  Siege Tank  
  93  6:09  Marine  
  87  6:11  Marine  
  87  6:13  SCV  
  87  6:14  SCV x2  
  87  6:17  Marine  
  92  6:18  Medivac  
  92  6:19  Medivac  
  92  6:24  Marine  
  97  6:26  SCV x2, Marine  
  97  6:27  Marine  
  97  6:31  SCV  
  102  6:36  Marine x2  
  102  6:38  SCV x2  
  101  6:40  Supply Depot  
  101  6:42  Marine  
  101  6:43  SCV  
  101  6:45  Marine x2  
  105  6:50  SCV x2  
  105  6:51  Barracks Reactor  
  105  6:52  Barracks Reactor  
  105  6:54  Factory Reactor, Marine x2  
  109  7:02  Bunker, SCV x2, Marine  
  109  7:04  Supply Depot  
  109  7:05  Supply Depot  
  111  7:09  SCV  
  111  7:13  Supply Depot x2  
  111  7:14  SCV  
  114  7:16  Medivac  
  114  7:20  Armory  
  114  7:22  Medivac  
  114  7:23  Barracks Reactor  
  114  7:25  Command Center  
  114  7:26  SCV  
  114  7:27  SCV  
  114  7:28  SCV  
  121  7:37  Widow Mine x2  
  121  7:38  Marine x4  
  121  7:39  SCV, Marine, Marauder  
  121  7:40  Marine  
  121  7:43  SCV x2  
  132  7:47  Refinery  
  132  7:55  Marine  
  133  8:01  Factory  
  133  8:02  Marine x3, Supply Depot x2  
  133  8:03  Supply Depot x2, Marauder  
  129  8:07  Widow Mine x2  
  129  8:10  Terran Infantry Weapons Level 2  
  129  8:11  Terran Infantry Armor Level 2  
  129  8:12  Terran Vehicle And Ship Armor Level 1  
  133  8:23  SCV x3  
  127  8:27  Marine x3, Marauder  
  127  8:29  Medivac x2  
  134  8:37  Marine x2, Sensor Tower  
  134  8:38  Marine x2  
  134  8:39  Marine  
  139  8:47  Marine x2  
  146  8:48  Marine, Marauder  
  146  8:50  Barracks, Widow Mine x2  
  146  8:51  Widow Mine  
  146  8:53  Barracks x2  
  146  8:55  Marine  
  139  8:57  Marine  
  139  8:58  Marine  
  139  9:00  Marine  
  139  9:01  Marine  
  99  9:05  Marine x2  
  99  9:06  Marine  
  93  9:10  Marauder  
  93  9:12  Widow Mine x2  
  94  9:19  Marine x2  
  94  9:21  Marine x2  
  94  9:22  Marine  
  97  9:29  SCV x2, Marine  
  97  9:30  Marine  
  97  9:31  Marine, Marauder  
  104  9:37  Marine  
  105  9:39  Orbital Command  
  105  9:41  Widow Mine x2  
  105  9:43  SCV x2  
  111  9:50  Orbital Command  
  111  9:51  Marine  
  114  9:53  Marauder  
  114  9:55  SCV x2  
  114  9:57  Marine x2  
  114  9:59  Barracks Tech Lab  
  118  10:00  Barracks Tech Lab  
  118  10:05  SCV  
  119  10:07  Barracks Tech Lab, SCV x2  
  114  10:17  SCV  
  114  10:18  Marine x2, Marauder  
  114  10:19  SCV x2, Marauder  
  123  10:22  Drilling Claws  
  123  10:27  Marine, Marauder  
  124  10:29  Orbital Command, SCV  
  124  10:30  Marine x2  
  124  10:31  SCV  
  124  10:32  SCV, Marauder  
  130  10:36  Marine  
  130  10:37  Marine  
  130  10:40  Marauder  
  130  10:41  SCV  
  130  10:42  Siege Tank  
  140  10:49  Supply Depot x2  
  142  10:50  SCV x2  
  142  10:53  SCV, Marauder  
  145  10:59  SCV  
  145  11:00  Ghost Academy  
  145  11:02  SCV x2  
  146  11:05  SCV  
  146  11:08  Siege Tank  
  150  11:14  Siege Tank  
  150  11:16  Refinery, Marauder  
  150  11:17  Refinery  
  150  11:18  SCV x2  
  157  11:20  SCV  
  157  11:21  Refinery  
  157  11:22  Marine x2  
  157  11:23  Marine  
  157  11:24  Marine  
  157  11:25  Marine  
  158  11:28  Marauder  
  158  11:29  Marine x2  
  136  11:35  Marine  
  136  11:36  Marine  
  136  11:38  SCV x2  
  136  11:39  SCV x2  
  113  11:42  Marine  
  113  11:46  Marine  
  108  11:50  SCV x2, Marine  
  108  11:51  SCV x2  
  108  11:53  Siege Tank  
  115  11:56  Siege Tank  
  115  11:59  Medivac x2  
  122  12:04  Marauder  
  122  12:05  Marine x3  
  122  12:06  Marine x2  
  122  12:07  Marine  
  122  12:08  Marine  
  131  12:09  Marine  
  131  12:13  Marine x2  
  112  12:15  Marine x2  
  112  12:18  SCV x2  
  112  12:19  SCV  
  112  12:21  SCV  
  117  12:30  SCV x2  
  117  12:31  SCV  
  117  12:33  SCV  
Show
View Real Time Build Order
Export as new Build Order

Lambo Zerg - Winner!

Build Orders: Hatch First 

Get SALT Encoding   

  12  0:00  Drone  
  13  0:12  Overlord  
  13  0:16  Drone  
  14  0:30  Drone x2  
  16  0:47  Hatchery  
  15  0:50  Drone  
  15  0:54  Drone  
  17  0:57  Drone  
  18  1:08  Extractor  
  17  1:11  Spawning Pool  
  17  1:15  Drone  
  18  1:18  Drone  
  18  1:28  Drone  
  19  1:38  Drone  
  20  1:49  Drone  
  21  1:58  Queen x2  
  21  2:00  Zergling x4  
  27  2:09  Drone  
  27  2:11  Overlord  
  28  2:19  Hatchery  
  27  2:24  Drone  
  28  2:30  Drone  
  28  2:34  Drone x2  
  31  2:38  Queen  
  33  2:47  Metabolic Boost, Overlord  
  33  2:53  Drone x2  
  33  2:57  Drone  
  36  3:05  Queen  
  38  3:09  Drone x3  
  38  3:10  Drone  
  42  3:13  Drone  
  43  3:20  Drone  
  44  3:27  Overlord  
  44  3:28  Overlord  
  44  3:31  Queen  
  44  3:32  Queen  
  48  3:36  Drone x2  
  50  3:45  Overlord  
  50  3:48  Drone x3  
  53  3:50  Overlord  
  53  3:51  Drone x2  
  56  3:55  Drone  
  56  3:59  Drone x2  
  56  4:01  Overlord  
  58  4:08  Drone x4  
  58  4:09  Queen  
  64  4:16  Overlord  
  64  4:18  Queen, Overlord  
  64  4:22  Drone  
  67  4:27  Drone x5  
  72  4:32  Lair  
  72  4:34  Drone  
  72  4:35  Extractor  
  73  4:38  Zergling x2  
  73  4:42  Drone x7  
  80  4:46  Drone  
  80  4:48  Drone  
  80  4:51  Queen  
  84  4:53  Drone x2  
  84  4:54  Baneling Nest  
  84  4:56  Extractor  
  84  4:57  Extractor, Drone x2  
  84  4:58  Drone  
  86  5:00  Overlord  
  86  5:08  Spore Crawler  
  86  5:09  Drone, Zergling x2  
  86  5:10  Queen, Zergling x2  
  86  5:13  Hatchery  
  89  5:19  Zergling x4  
  91  5:25  Zergling x14  
  98  5:30  Queen  
  100  5:37  Drone x3  
  100  5:38  Drone  
  100  5:39  Zergling x2  
  105  5:43  Baneling x6  
  105  5:45  Centrifugal Hooks  
  105  5:47  Overlord  
  105  5:48  Evolution Chamber  
  105  5:49  Evolution Chamber  
  103  5:56  Overlord  
  103  5:59  Overlord  
  103  6:00  Overlord  
  103  6:07  Zergling x2  
  103  6:08  Zergling x4  
  103  6:10  Baneling x5  
  103  6:11  Hatchery  
  104  6:14  Zerg Ground Armor Level 1  
  104  6:15  Overlord, Zerg Melee Weapons Level 1  
  104  6:16  Zergling x6  
  107  6:20  Zergling x8  
  107  6:24  Zergling x8  
  113  6:34  Zergling x14  
  113  6:37  Zergling x6  
  121  6:43  Drone x4  
  124  6:48  Baneling x4  
  124  6:50  Drone x2  
  124  6:52  Spore Crawler  
  125  6:57  Overlord x2  
  125  6:58  Overlord, Hatchery  
  125  6:59  Drone x4  
  127  7:09  Zergling x8  
  127  7:10  Zergling x4  
  127  7:12  Drone  
  133  7:18  Drone x3  
  133  7:20  Drone x3  
  133  7:21  Hatchery  
  137  7:28  Baneling x13  
  137  7:31  Drone x6  
  137  7:33  Zergling x6  
  137  7:34  Zergling x2  
  137  7:35  Zergling x2  
  148  7:47  Zergling x22  
  159  7:53  Overlord  
  159  7:56  Overlord  
  159  7:57  Overlord  
  159  8:03  Overlord  
  159  8:05  Overlord  
  159  8:09  Queen  
  159  8:10  Infestation Pit, Drone x3  
  159  8:11  Zergling x2, Hydralisk Den  
  159  8:12  Zergling x18  
  171  8:13  Baneling  
  171  8:14  Baneling x4  
  171  8:17  Zergling x4  
  171  8:28  Zergling x22  
  171  8:31  Baneling  
  171  8:32  Baneling x15  
  182  8:36  Zergling x12  
  182  8:39  Zergling x6  
  182  8:40  Zergling x2  
  192  8:45  Zergling x8  
  192  8:48  Baneling x13  
  194  8:50  Zergling x8  
  194  8:52  Overlord  
  194  8:55  Zergling x6  
  181  8:57  Zergling x4  
  181  8:58  Zergling x2  
  181  8:59  Zergling x6  
  181  9:02  Zergling x4  
  167  9:04  Hive  
  165  9:13  Zergling x18  
  171  9:18  Drone x3  
  171  9:20  Extractor, Lurker Den  
  171  9:21  Drone x5  
  171  9:22  Extractor x2  
  171  9:23  Extractor  
  174  9:25  Drone x3  
  174  9:28  Extractor x2  
  174  9:29  Pneumatized Carapace  
  174  9:30  Zerg Ground Armor Level 2, Overseer  
  166  9:32  Zerg Missile Weapons Level 1  
  166  9:35  Drone x5  
  166  9:36  Drone  
  166  9:37  Zergling x8  
  166  9:38  Zergling x2  
  177  9:45  Hydralisk x3  
  183  9:57  Baneling x3  
  180  10:15  Hydralisk x3, Hatchery  
  180  10:21  Spore Crawler, Overseer  
  176  10:24  Zergling x38  
  193  10:30  Muscular Augments  
  193  10:32  Seismic Spines  
  193  10:35  Baneling x4, Overseer  
  193  10:37  Drone x2  
  193  10:38  Drone x4  
  199  10:44  Spore Crawler, Overseer  
  199  10:49  Baneling x3  
  198  10:53  Drone  
  199  11:02  Adrenal Glands  
  199  11:04  Evolution Chamber  
  199  11:08  Drone  
  199  11:21  Overlord  
  181  11:26  Zergling x40  
  181  11:28  Zergling x8  
  181  11:29  Adaptive Talons, Zergling x8  
  189  11:33  Hydralisk x6  
  189  11:38  Hydralisk x7  
  185  11:48  Viper x3  
  185  11:50  Baneling x9  
  189  11:55  Zergling x2  
  189  11:56  Zergling x18  
  189  11:57  Baneling x2  
  199  12:03  Baneling x11  
  199  12:14  Zergling x14  
  193  12:16  Zergling x18  
  193  12:19  Zergling x6  
  196  12:23  Baneling x7  
  196  12:27  Drone  
  197  12:30  Lurker x3  

Tags
 
Add a new tag
Caveats
  • Supply blocks, unpowered buildings, or Contaminate may cause inaccurate times.
  • Supply counts are checked every 10 seconds.